3110 views
Uploaded 2020-03-17 02:51:26
Game version 1.32.2
24:03 long 4on4 ladder game on (8)Mur'gulOasis_LV
Saved by Teelo
3110 views
Uploaded 2020-03-17 02:51:26
Game version 1.32.2
24:03 long 4on4 ladder game on (8)Mur'gulOasis_LV


136 units @ 19.2k
/ 3.1k
69 buildings @ 10.9k
/ 5k
⇛
RemixChaos
(22:50) : 
| Scroll of Regeneration | 1 | 100 |
| Potion of Healing | 1 | 150 |
| Lesser Clarity Potion | 1 | 70 |
| total: | 3 | 320g |
| Peasant | 12 | 900 | / | 0 |
| Priest | 2 | 270 | / | 20 |
| Spell Breaker | 2 | 430 | / | 60 |
| Siege Engine | 4 | 780 | / | 240 |
| Rifleman | 2 | 410 | / | 60 |
| Mortar Team | 1 | 180 | / | 70 |
| Knight | 1 | 245 | / | 60 |
| total: | 24 | 3215g | / | 510w |
| Scout Tower | 4 | 120 | / | 80 |
| Guard Tower | 3 | 210 | / | 150 |
| Farm | 6 | 480 | / | 120 |
| Altar of Kings | 1 | 180 | / | 50 |
| Lumber Mill | 1 | 120 | / | 0 |
| Blacksmith | 1 | 140 | / | 60 |
| Barracks | 1 | 160 | / | 60 |
| Arcane Vault | 1 | 130 | / | 30 |
| Town Hall | 1 | 385 | / | 205 |
| Cannon Tower | 1 | 120 | / | 100 |
| Arcane Sanctum | 1 | 150 | / | 140 |
| Workshop | 2 | 280 | / | 280 |
| Keep | 1 | 320 | / | 210 |
| Castle | 1 | 360 | / | 210 |
| total: | 19 | 2145g | / | 1025w |
| 0:07 | Peasant |
| 0:07 | Peasant |
| 0:16 | Peasant |
| 0:18 | Peasant |
| 0:18 | Peasant |
| 0:18 | Peasant |
| 0:19 | Peasant |
| 0:42 | Farm |
| 0:44 | Farm |
| 0:49 | Peasant |
| 1:43 | Altar of Kings |
| 1:54 | Lumber Mill |
| 2:07 | Keep |
| 2:20 | Blacksmith |
| 2:34 | Barracks |
| 2:55 | Farm |
| 3:49 | Summon Water Elemental |
| 3:58 | Arcane Vault |
| 4:08 | Black Gunpowder |
| 4:29 | Castle |
| 4:34 | Arcane Sanctum |
| 4:56 | Workshop |
| 4:58 | Scout Tower |
| 5:05 | Scroll of Regeneration |
| 5:07 | Potion of Healing |
| 5:13 | Farm |
| 5:14 | Farm |
| 5:22 | Workshop |
| 5:46 | Long Rifles |
| 5:49 | Priest |
| 5:49 | Priest |
| 5:53 | Improved Lumber Harvesting |
| 6:09 | Control Magic |
| 6:12 | Spell Breaker |
| 6:18 | Priest Adept Training |
| 6:56 | Barrage |
| 7:02 | Advanced Lumber Harvesting |
| 7:28 | Siege Engine |
| 7:28 | Siege Engine |
| 7:37 | Cannon Tower |
| 8:11 | Improved Masonry |
| 8:30 | Lesser Clarity Potion |
| 8:45 | Fragmentation Shards |
| 8:50 | Peasant |
| 8:50 | Peasant |
| 8:50 | Peasant |
| 8:50 | Peasant |
| 9:02 | Priest Master Training |
| 9:28 | Scout Tower |
| 9:31 | Scout Tower |
| 9:50 | Siege Engine |
| 9:57 | Guard Tower |
| 10:02 | Scout Tower |
| 10:18 | Advanced Masonry |
| 10:26 | Rifleman |
| 10:37 | Guard Tower |
| 10:45 | Guard Tower |
| 11:11 | Mortar Team |
| 12:44 | Rifleman |
| 12:45 | Knight |
| 12:50 | Spell Breaker |
| 14:16 | Siege Engine |
| 15:01 | Town Hall |
| 15:29 | Farm |
| Select group | 462 |
| Right click | 333 |
| Select | 242 |
| Misc. action | 151 |
| Assign group | 66 |
| Build/train/purchase | 63 |
| Resource trade | 7 |
| Use ability | 3 |
| Minimap ping | 3 |
| Esc | 1 |


| Lesser Clarity Potion | 2 | 140 |
| Scroll of Speed | 1 | 50 |
| Healing Salve | 1 | 100 |
| Scroll of Town Portal | 1 | 350 |
| total: | 5 | 640g |
| Peon | 9 | 675 | / | 0 |
| Troll Headhunter | 4 | 560 | / | 80 |
| Shaman | 6 | 780 | / | 120 |
| Tauren | 5 | 1400 | / | 400 |
| Troll Berserker | 9 | 1260 | / | 180 |
| total: | 33 | 4675g | / | 780w |
| Watch Tower | 3 | 330 | / | 240 |
| Altar of Storms | 1 | 180 | / | 50 |
| Orc Burrow | 6 | 960 | / | 240 |
| War Mill | 1 | 205 | / | 0 |
| Barracks | 2 | 360 | / | 100 |
| Voodoo Lounge | 2 | 260 | / | 60 |
| Tauren Totem | 2 | 270 | / | 310 |
| Spirit Lodge | 1 | 150 | / | 150 |
| Stronghold | 1 | 315 | / | 190 |
| Fortress | 1 | 325 | / | 190 |
| total: | 18 | 2715g | / | 1150w |
| 0:03 | Peon |
| 0:08 | Altar of Storms |
| 0:12 | Orc Burrow |
| 0:13 | Peon |
| 0:34 | Peon |
| 0:49 | Peon |
| 0:59 | War Mill |
| 1:07 | Peon |
| 1:22 | Peon |
| 1:34 | Peon |
| 1:40 | Barracks |
| 2:04 | Voodoo Lounge |
| 2:08 | Peon |
| 2:19 | Serpent Ward |
| 2:26 | Barracks |
| 2:30 | Orc Burrow |
| 2:31 | Peon |
| 3:25 | Orc Burrow |
| 3:39 | Lesser Clarity Potion |
| 3:40 | Scroll of Speed |
| 3:41 | Healing Salve |
| 4:21 | Watch Tower |
| 4:44 | Troll Headhunter |
| 4:46 | Stronghold |
| 5:22 | Lesser Clarity Potion |
| 5:43 | Watch Tower |
| 6:04 | Troll Headhunter |
| 6:31 | Watch Tower |
| 6:35 | Troll Headhunter |
| 6:50 | Voodoo Lounge |
| 7:23 | Fortress |
| 7:41 | Troll Regeneration |
| 7:43 | Steel Ranged Weapons |
| 8:14 | Feral Spirit |
| 8:23 | Healing Wave |
| 8:48 | Tauren Totem |
| 8:52 | Spirit Lodge |
| 9:36 | Chain Lighting |
| 9:40 | Troll Headhunter |
| 9:44 | Berserker Upgrade |
| 10:04 | Orc Burrow |
| 10:06 | Shaman Adept Training |
| 10:06 | Shaman |
| 10:11 | Pulverize |
| 10:12 | Tauren |
| 11:30 | Scroll of Town Portal |
| 11:32 | Troll Berserker |
| 11:35 | Shaman Master Training |
| 11:36 | Shaman |
| 12:07 | Tauren |
| 12:22 | Steel Armor |
| 13:01 | Orc Burrow |
| 13:32 | Healing Wave |
| 14:04 | Shaman |
| 14:06 | Tauren |
| 14:07 | Troll Berserker |
| 14:08 | Troll Berserker |
| 14:11 | Orc Burrow |
| 14:17 | Feral Spirit |
| 15:20 | Troll Berserker |
| 15:20 | Troll Berserker |
| 15:28 | Shaman |
| 15:29 | Tauren |
| 15:45 | Thorium Ranged Weapons |
| 17:52 | Serpent Ward |
| 18:24 | Troll Berserker |
| 18:25 | Troll Berserker |
| 18:26 | Tauren |
| 18:28 | Shaman |
| 19:23 | Troll Berserker |
| 21:05 | Troll Berserker |
| 21:07 | Shaman |
| 21:42 | Tauren Totem |
| Right click | 514 |
| Select | 319 |
| Misc. action | 150 |
| Build/train/purchase | 76 |
| Select group | 72 |
| Use ability | 47 |
| Minimap ping | 3 |
| Assign group | 2 |
| Item give/drop | 1 |
| Remove unit | 1 |


| Lesser Clarity Potion | 1 | 70 |
| Potion of Healing | 1 | 150 |
| Potion of Mana | 1 | 200 |
| Scroll of Town Portal | 1 | 350 |
| total: | 4 | 770g |
| Peon | 8 | 600 | / | 0 |
| Grunt | 4 | 800 | / | 0 |
| Troll Headhunter | 4 | 560 | / | 80 |
| Troll Batrider | 14 | 2240 | / | 560 |
| Wind Rider | 7 | 1855 | / | 280 |
| total: | 37 | 6055g | / | 920w |
| Altar of Storms | 1 | 180 | / | 50 |
| Orc Burrow | 5 | 800 | / | 200 |
| Barracks | 1 | 180 | / | 50 |
| War Mill | 1 | 205 | / | 0 |
| Voodoo Lounge | 1 | 130 | / | 30 |
| Great Hall | 1 | 385 | / | 185 |
| Beastiary | 7 | 1015 | / | 980 |
| Stronghold | 1 | 315 | / | 190 |
| Fortress | 2 | 650 | / | 380 |
| total: | 17 | 2895g | / | 1495w |
| 0:02 | Peon |
| 0:02 | Peon |
| 0:03 | Peon |
| 0:18 | Altar of Storms |
| 0:30 | Peon |
| 0:34 | Orc Burrow |
| 0:36 | Peon |
| 0:49 | Barracks |
| 0:51 | Peon |
| 1:34 | Orc Burrow |
| 1:56 | Grunt |
| 2:00 | War Mill |
| 2:05 | Grunt |
| 2:11 | Peon |
| 2:26 | Serpent Ward |
| 2:54 | Orc Burrow |
| 4:14 | Lesser Clarity Potion |
| 4:32 | Grunt |
| 4:40 | Stronghold |
| 4:48 | Voodoo Lounge |
| 5:24 | Potion of Healing |
| 5:29 | Potion of Mana |
| 5:33 | Troll Headhunter |
| 5:34 | Troll Headhunter |
| 5:37 | Steel Ranged Weapons |
| 5:57 | Grunt |
| 6:52 | Troll Headhunter |
| 7:06 | Beastiary |
| 7:10 | Beastiary |
| 7:33 | Orc Burrow |
| 7:37 | Thorium Ranged Weapons |
| 7:52 | Peon |
| 8:13 | Feral Spirit |
| 8:16 | Troll Batrider |
| 8:18 | Wind Rider |
| 8:20 | Wind Rider |
| 8:31 | Healing Wave |
| 8:53 | Troll Regeneration |
| 8:56 | Wind Rider |
| 9:00 | Wind Rider |
| 9:21 | Wind Rider |
| 9:38 | Troll Batrider |
| 9:39 | Troll Batrider |
| 9:55 | Troll Batrider |
| 9:57 | Troll Batrider |
| 10:23 | Troll Batrider |
| 11:12 | Scroll of Town Portal |
| 11:30 | Steel Armor |
| 12:57 | Troll Batrider |
| 12:59 | Thorium Armor |
| 13:01 | Orc Burrow |
| 13:30 | Chain Lighting |
| 13:35 | Serpent Ward |
| 14:17 | Feral Spirit |
| 14:41 | Troll Batrider |
| 14:41 | Troll Batrider |
| 16:09 | Troll Batrider |
| 16:11 | Fortress |
| 17:02 | Wind Rider |
| 17:04 | Troll Batrider |
| 17:05 | Troll Batrider |
| 17:51 | Healing Wave |
| 18:25 | Troll Batrider |
| 18:33 | Beastiary |
| 18:37 | Beastiary |
| 18:50 | Troll Headhunter |
| 19:01 | Beastiary |
| 19:03 | Beastiary |
| 19:16 | Beastiary |
| 20:11 | Wind Rider |
| 20:20 | Troll Batrider |
| 20:27 | Great Hall |
| Right click | 861 |
| Select | 460 |
| Build/train/purchase | 78 |
| Use ability | 43 |
| Chat | 15 |
| Resource trade | 13 |
| Remove unit | 7 |
| Minimap ping | 3 |
| Misc. action | 2 |


| Scroll of Town Portal | 4 | 1400 |
| Scroll of Healing | 1 | 250 |
| Potion of Lesser Invulnerability | 1 | 150 |
| Scroll of Protection | 1 | 150 |
| Healing Salve | 2 | 200 |
| Scroll of Speed | 1 | 50 |
| total: | 10 | 2200g |
| Wisp | 16 | 960 | / | 0 |
| Huntress | 1 | 195 | / | 20 |
| Glaive Thrower | 11 | 2310 | / | 715 |
| Archer | 14 | 1820 | / | 140 |
| total: | 42 | 5285g | / | 875w |
| Altar of Elders | 1 | 180 | / | 50 |
| Moon Well | 5 | 900 | / | 200 |
| Hunter's Hall | 1 | 210 | / | 100 |
| Tree of Life | 4 | 1360 | / | 740 |
| Ancient of War | 3 | 450 | / | 180 |
| Ancient of Wonders | 1 | 90 | / | 30 |
| Tree of Ages | 2 | 640 | / | 360 |
| Tree of Eternity | 2 | 660 | / | 400 |
| total: | 15 | 3190g | / | 1300w |
| 0:02 | Wisp |
| 0:03 | Altar of Elders |
| 0:05 | Wisp |
| 0:15 | Wisp |
| 0:17 | Moon Well |
| 0:34 | Wisp |
| 0:43 | Wisp |
| 0:49 | Wisp |
| 0:54 | Wisp |
| 1:05 | Wisp |
| 1:13 | Wisp |
| 2:00 | Wisp |
| 2:02 | Moon Well |
| 2:04 | Hunter's Hall |
| 2:11 | Trueshot Aura |
| 2:59 | Tree of Life |
| 3:05 | Wisp |
| 3:05 | Wisp |
| 3:05 | Wisp |
| 3:07 | Ancient of War |
| 3:08 | Ancient of War |
| 3:59 | Moon Well |
| 4:14 | Healing Salve |
| 4:31 | Huntress |
| 4:35 | Moon Well |
| 5:02 | Tree of Life |
| 5:08 | Scroll of Speed |
| 5:58 | Tree of Life |
| 6:10 | Glaive Thrower |
| 6:12 | Glaive Thrower |
| 6:12 | Glaive Thrower |
| 6:12 | Glaive Thrower |
| 6:54 | Glaive Thrower |
| 7:23 | Glaive Thrower |
| 7:39 | Glaive Thrower |
| 8:00 | Glaive Thrower |
| 8:03 | Searing Arrows |
| 8:51 | Glaive Thrower |
| 8:53 | Scroll of Town Portal |
| 8:59 | Scroll of Town Portal |
| 9:12 | Glaive Thrower |
| 9:13 | Glaive Thrower |
| 9:38 | Archer |
| 11:39 | Archer |
| 11:41 | Tree of Ages |
| 11:43 | Archer |
| 12:13 | Strength of the Moon |
| 12:39 | Ancient of Wonders |
| 12:47 | Ultravision |
| 13:09 | Archer |
| 13:10 | Ancient of War |
| 13:13 | Moon Well |
| 13:25 | Trueshot Aura |
| 13:42 | Moon Armor |
| 14:03 | Improved Strength of the Moon |
| 14:05 | Improved Bows |
| 14:30 | Scroll of Town Portal |
| 14:45 | Searing Arrows |
| 15:02 | Improved Moon Armor |
| 15:08 | Archer |
| 15:21 | Nature's Blessing |
| 16:09 | Archer |
| 16:17 | Archer |
| 16:23 | Tree of Eternity |
| 16:28 | Trueshot Aura |
| 17:10 | Acid Bomb |
| 17:35 | Healing Spray |
| 17:35 | Healing Spray |
| 17:41 | Archer |
| 18:16 | Tree of Life |
| 18:18 | Archer |
| 18:29 | Acid Bomb |
| 19:08 | Archer |
| 19:12 | Healing Salve |
| 20:05 | Scroll of Town Portal |
| 20:06 | Potion of Lesser Invulnerability |
| 20:08 | Scroll of Healing |
| 20:09 | Scroll of Protection |
| 20:50 | Archer |
| 22:01 | Archer |
| 22:01 | Archer |
| 22:08 | Wisp |
| 22:08 | Wisp |
| 22:08 | Wisp |
| 22:37 | Archer |
| Right click | 674 |
| Select group | 466 |
| Select | 387 |
| Assign group | 124 |
| Misc. action | 120 |
| Build/train/purchase | 103 |
| Chat | 98 |
| Use ability | 62 |
| Minimap ping | 40 |
| Esc | 9 |
| Resource trade | 5 |
| Item give/drop | 3 |
121 units @ 18.2k
/ 2.8k
80 buildings @ 10.9k
/ 4.5k

| Healing Salve | 4 | 400 |
| Potion of Healing | 2 | 300 |
| Orb of Lightning | 1 | 375 |
| Lesser Clarity Potion | 2 | 140 |
| total: | 9 | 1215g |
| Peon | 11 | 825 | / | 0 |
| Troll Batrider | 22 | 3520 | / | 880 |
| total: | 33 | 4345g | / | 880w |
| Watch Tower | 2 | 220 | / | 160 |
| Altar of Storms | 1 | 180 | / | 50 |
| Orc Burrow | 6 | 960 | / | 240 |
| War Mill | 1 | 205 | / | 0 |
| Voodoo Lounge | 1 | 130 | / | 30 |
| Beastiary | 2 | 290 | / | 280 |
| Stronghold | 1 | 315 | / | 190 |
| Fortress | 1 | 325 | / | 190 |
| total: | 13 | 1985g | / | 760w |
| 0:04 | Peon |
| 0:04 | Peon |
| 0:04 | Peon |
| 0:10 | Altar of Storms |
| 0:21 | Orc Burrow |
| 0:37 | Peon |
| 0:37 | Peon |
| 0:51 | War Mill |
| 0:54 | Peon |
| 1:09 | Voodoo Lounge |
| 1:16 | Peon |
| 1:20 | Peon |
| 1:29 | Peon |
| 1:44 | Peon |
| 2:03 | Peon |
| 2:12 | Critical Strike |
| 2:16 | Healing Salve |
| 2:34 | Stronghold |
| 2:42 | Orc Burrow |
| 2:54 | Steel Ranged Weapons |
| 4:00 | Spiked Barricades |
| 5:01 | Fortress |
| 5:06 | Beastiary |
| 5:08 | Beastiary |
| 5:30 | Orc Burrow |
| 5:34 | Orc Burrow |
| 6:06 | Wind Walk |
| 6:39 | Troll Batrider |
| 6:39 | Troll Batrider |
| 6:58 | Orc Burrow |
| 7:06 | Orc Burrow |
| 7:16 | Troll Batrider |
| 7:22 | Liquid Fire |
| 8:12 | Troll Batrider |
| 8:41 | Troll Batrider |
| 8:45 | Thorium Ranged Weapons |
| 9:30 | Potion of Healing |
| 10:03 | Troll Batrider |
| 10:26 | Healing Salve |
| 10:37 | Healing Salve |
| 10:54 | Troll Batrider |
| 11:31 | Potion of Healing |
| 11:31 | Healing Salve |
| 11:59 | Troll Batrider |
| 12:50 | Orb of Lightning |
| 12:50 | Lesser Clarity Potion |
| 13:08 | Troll Batrider |
| 13:31 | Troll Batrider |
| 14:21 | Critical Strike |
| 14:52 | Troll Batrider |
| 14:52 | Troll Batrider |
| 15:20 | Troll Batrider |
| 16:22 | Troll Batrider |
| 16:47 | Troll Batrider |
| 17:14 | Troll Batrider |
| 18:05 | Wind Walk |
| 19:09 | Troll Batrider |
| 19:11 | Reinforced Defenses |
| 19:12 | Arcanite Ranged Weapons |
| 19:18 | Watch Tower |
| 19:50 | Troll Batrider |
| 19:50 | Troll Batrider |
| 20:01 | Lesser Clarity Potion |
| 20:31 | Troll Batrider |
| 20:31 | Troll Batrider |
| 21:06 | Watch Tower |
| 21:36 | Critical Strike |
| 21:46 | Troll Batrider |
| 21:50 | Steel Armor |
| Right click | 499 |
| Select group | 281 |
| Select | 242 |
| Chat | 228 |
| Build/train/purchase | 89 |
| Use ability | 21 |
| Assign group | 15 |
| Misc. action | 2 |
| Minimap ping | 1 |


| Scroll of Regeneration | 1 | 100 |
| Scroll of Town Portal | 1 | 350 |
| Boots of Speed | 1 | 250 |
| total: | 3 | 700g |
| Peasant | 8 | 600 | / | 0 |
| Footman | 11 | 1485 | / | 0 |
| Knight | 16 | 3920 | / | 960 |
| total: | 35 | 6005g | / | 960w |
| Scout Tower | 6 | 180 | / | 120 |
| Guard Tower | 6 | 420 | / | 300 |
| Barracks | 2 | 320 | / | 120 |
| Farm | 10 | 800 | / | 200 |
| Altar of Kings | 1 | 180 | / | 50 |
| Arcane Vault | 1 | 130 | / | 30 |
| Lumber Mill | 1 | 120 | / | 0 |
| Blacksmith | 1 | 140 | / | 60 |
| Town Hall | 1 | 385 | / | 205 |
| Keep | 1 | 320 | / | 210 |
| Castle | 1 | 360 | / | 210 |
| total: | 23 | 2255g | / | 785w |
| 0:05 | Barracks |
| 0:06 | Peasant |
| 0:06 | Peasant |
| 0:06 | Peasant |
| 0:24 | Farm |
| 0:41 | Farm |
| 0:57 | Peasant |
| 1:19 | Farm |
| 1:20 | Footman |
| 1:40 | Peasant |
| 1:41 | Peasant |
| 1:42 | Footman |
| 2:02 | Altar of Kings |
| 2:14 | Footman |
| 2:28 | Peasant |
| 2:33 | Footman |
| 2:56 | Footman |
| 2:59 | Peasant |
| 3:16 | Farm |
| 3:18 | Footman |
| 3:38 | Footman |
| 3:58 | Farm |
| 4:02 | Storm Bolt |
| 4:10 | Keep |
| 4:29 | Footman |
| 4:38 | Farm |
| 5:16 | Arcane Vault |
| 5:22 | Lumber Mill |
| 5:46 | Footman |
| 5:47 | Footman |
| 6:04 | Bash |
| 6:45 | Footman |
| 6:49 | Blacksmith |
| 6:52 | Castle |
| 8:01 | Barracks |
| 8:06 | Farm |
| 8:17 | Holy Light |
| 8:24 | Iron Plating |
| 8:39 | Storm Bolt |
| 8:47 | Boots of Speed |
| 9:00 | Farm |
| 9:15 | Sundering Blades |
| 9:15 | Animal War Training |
| 9:35 | Devotion Aura |
| 9:50 | Farm |
| 9:51 | Knight |
| 9:52 | Knight |
| 9:55 | Iron Forged Swords |
| 10:29 | Farm |
| 10:31 | Knight |
| 10:37 | Steel Plating |
| 10:53 | Scroll of Regeneration |
| 11:25 | Knight |
| 12:06 | Scout Tower |
| 12:50 | Scout Tower |
| 12:53 | Scout Tower |
| 12:57 | Scout Tower |
| 13:38 | Guard Tower |
| 13:44 | Steel Forged Swords |
| 13:46 | Knight |
| 13:46 | Knight |
| 13:47 | Knight |
| 13:47 | Knight |
| 13:59 | Guard Tower |
| 14:00 | Guard Tower |
| 14:00 | Guard Tower |
| 14:04 | Scout Tower |
| 14:33 | Guard Tower |
| 14:38 | Scout Tower |
| 14:56 | Scroll of Town Portal |
| 15:07 | Guard Tower |
| 15:15 | Knight |
| 15:44 | Knight |
| 16:04 | Bash |
| 16:09 | Divine Shield |
| 16:39 | Knight |
| 16:40 | Knight |
| 17:49 | Knight |
| 17:50 | Knight |
| 17:54 | Devotion Aura |
| 18:03 | Storm Bolt |
| 18:39 | Mithril Forged Swords |
| 19:25 | Mithril Plating |
| 19:28 | Improved Masonry |
| 20:27 | Knight |
| 20:28 | Knight |
| 20:30 | Advanced Masonry |
| 20:57 | Devotion Aura |
| 21:25 | Town Hall |
| 22:29 | Avatar |
| 23:28 | Resurrection |
| Right click | 409 |
| Select | 288 |
| Build/train/purchase | 75 |
| Use ability | 33 |
| Misc. action | 21 |
| Minimap ping | 3 |
| Item give/drop | 1 |


| Healing Salve | 3 | 300 |
| Lesser Clarity Potion | 2 | 140 |
| Scroll of Speed | 1 | 50 |
| Scroll of Healing | 1 | 250 |
| total: | 7 | 740g |
| Peon | 7 | 525 | / | 0 |
| Grunt | 5 | 1000 | / | 0 |
| Troll Headhunter | 4 | 560 | / | 80 |
| Troll Witch Doctor | 1 | 145 | / | 25 |
| Troll Berserker | 2 | 280 | / | 40 |
| total: | 19 | 2510g | / | 145w |
| Altar of Storms | 1 | 180 | / | 50 |
| Orc Burrow | 6 | 960 | / | 240 |
| Barracks | 2 | 360 | / | 100 |
| Voodoo Lounge | 3 | 390 | / | 90 |
| War Mill | 1 | 205 | / | 0 |
| Great Hall | 1 | 385 | / | 185 |
| Beastiary | 1 | 145 | / | 140 |
| Spirit Lodge | 1 | 150 | / | 150 |
| Stronghold | 1 | 315 | / | 190 |
| Fortress | 1 | 325 | / | 190 |
| total: | 16 | 2775g | / | 955w |
| 0:04 | Peon |
| 0:04 | Peon |
| 0:08 | Altar of Storms |
| 0:18 | Orc Burrow |
| 0:26 | Peon |
| 0:39 | Barracks |
| 0:43 | Barracks |
| 0:47 | Peon |
| 1:17 | Peon |
| 1:19 | Peon |
| 1:28 | Orc Burrow |
| 1:44 | Peon |
| 1:46 | Grunt |
| 2:09 | Feral Spirit |
| 2:15 | Grunt |
| 2:27 | Voodoo Lounge |
| 3:01 | Grunt |
| 3:03 | Stronghold |
| 4:24 | Grunt |
| 4:29 | Chain Lighting |
| 4:36 | Voodoo Lounge |
| 4:44 | Voodoo Lounge |
| 4:50 | Orc Burrow |
| 4:52 | War Mill |
| 5:44 | Grunt |
| 5:56 | Healing Salve |
| 5:56 | Healing Salve |
| 5:57 | Lesser Clarity Potion |
| 5:57 | Scroll of Speed |
| 6:10 | Beastiary |
| 6:15 | Spirit Lodge |
| 6:19 | Troll Headhunter |
| 6:19 | Troll Headhunter |
| 7:03 | Fortress |
| 7:06 | Troll Headhunter |
| 8:25 | Chain Lighting |
| 8:27 | Troll Witch Doctor |
| 8:39 | Scroll of Healing |
| 8:42 | Endurance Aura |
| 8:48 | Orc Burrow |
| 8:52 | Orc Burrow |
| 8:55 | Orc Burrow |
| 9:00 | Steel Ranged Weapons |
| 9:08 | Healing Salve |
| 9:15 | Lesser Clarity Potion |
| 9:32 | Berserker Upgrade |
| 9:37 | Witch Doctor Adept Training |
| 9:47 | Troll Headhunter |
| 10:19 | Troll Berserker |
| 10:23 | Steel Armor |
| 11:01 | Troll Berserker |
| 11:45 | Great Hall |
| 13:44 | Feral Spirit |
| 18:34 | Chain Lighting |
| Right click | 1279 |
| Select | 400 |
| Select group | 150 |
| Build/train/purchase | 96 |
| Use ability | 39 |
| Misc. action | 35 |
| Chat | 34 |
| Assign group | 33 |
| Minimap ping | 27 |
| Esc | 1 |
⇛
Teelo
(78)
(24:02) : 
| Healing Salve | 2 | 200 |
| Lesser Clarity Potion | 6 | 420 |
| Potion of Mana | 2 | 400 |
| Scroll of Town Portal | 2 | 700 |
| total: | 12 | 1720g |
| Peon | 13 | 975 | / | 0 |
| Grunt | 6 | 1200 | / | 0 |
| Shaman | 7 | 910 | / | 140 |
| Tauren | 8 | 2240 | / | 640 |
| total: | 34 | 5325g | / | 780w |
| Watch Tower | 11 | 1210 | / | 880 |
| Altar of Storms | 2 | 360 | / | 100 |
| Orc Burrow | 7 | 1120 | / | 280 |
| Barracks | 1 | 180 | / | 50 |
| War Mill | 1 | 205 | / | 0 |
| Voodoo Lounge | 2 | 260 | / | 60 |
| Spirit Lodge | 2 | 300 | / | 300 |
| Tauren Totem | 2 | 270 | / | 310 |
| Stronghold | 1 | 315 | / | 190 |
| Fortress | 1 | 325 | / | 190 |
| total: | 28 | 3905g | / | 1980w |
| 0:02 | Peon |
| 0:02 | Peon |
| 0:03 | Peon |
| 0:33 | Altar of Storms |
| 0:37 | Orc Burrow |
| 0:40 | Peon |
| 0:40 | Peon |
| 0:41 | Peon |
| 0:41 | Peon |
| 1:01 | Barracks |
| 1:18 | War Mill |
| 1:21 | Peon |
| 1:50 | Voodoo Lounge |
| 2:04 | Orc Burrow |
| 2:11 | Grunt |
| 2:29 | Orc Burrow |
| 2:35 | Serpent Ward |
| 2:54 | Steel Armor |
| 3:01 | Grunt |
| 3:38 | Grunt |
| 4:34 | Stronghold |
| 4:37 | Watch Tower |
| 4:40 | Watch Tower |
| 4:44 | Watch Tower |
| 4:52 | Healing Salve |
| 4:53 | Lesser Clarity Potion |
| 4:53 | Lesser Clarity Potion |
| 5:12 | Grunt |
| 5:54 | Grunt |
| 5:57 | Steel Melee Weapons |
| 6:17 | Spiked Barricades |
| 6:54 | Orc Burrow |
| 6:56 | Peon |
| 6:56 | Peon |
| 6:58 | Spirit Lodge |
| 7:00 | Spirit Lodge |
| 7:14 | Peon |
| 7:19 | Grunt |
| 7:38 | Healing Wave |
| 7:57 | Berserker Strength |
| 8:01 | Lesser Clarity Potion |
| 8:01 | Lesser Clarity Potion |
| 8:14 | Fortress |
| 8:50 | Shaman Adept Training |
| 8:51 | Shaman |
| 8:51 | Shaman |
| 8:54 | Shaman |
| 8:57 | Shaman |
| 9:10 | Potion of Mana |
| 9:31 | Shaman |
| 9:36 | Shaman |
| 9:58 | Reinforced Defenses |
| 10:08 | Healing Wave |
| 10:25 | Thorium Melee Weapons |
| 10:53 | Serpent Ward |
| 11:20 | Shaman Master Training |
| 11:43 | Lesser Clarity Potion |
| 11:44 | Healing Salve |
| 12:05 | Watch Tower |
| 12:05 | Watch Tower |
| 12:06 | Watch Tower |
| 12:07 | Watch Tower |
| 12:12 | Tauren Totem |
| 12:14 | Tauren Totem |
| 13:01 | Watch Tower |
| 13:02 | Watch Tower |
| 13:03 | Watch Tower |
| 13:04 | Watch Tower |
| 13:25 | Pillage |
| 13:28 | Peon |
| 13:28 | Peon |
| 13:54 | Serpent Ward |
| 14:03 | Shaman |
| 14:22 | Tauren |
| 14:42 | Lesser Clarity Potion |
| 14:43 | Potion of Mana |
| 15:11 | Tauren |
| 15:29 | Pulverize |
| 15:52 | Tauren |
| 15:56 | Improved Spiked Barricades |
| 17:20 | Scroll of Town Portal |
| 17:20 | Scroll of Town Portal |
| 17:50 | Healing Wave |
| 18:10 | Tauren |
| 18:11 | Tauren |
| 18:32 | Voodoo Lounge |
| 18:38 | Altar of Storms |
| 19:55 | Orc Burrow |
| 19:56 | Orc Burrow |
| 19:58 | Orc Burrow |
| 20:00 | Arcanite Melee Weapons |
| 20:48 | Hex |
| 20:58 | Tauren |
| 21:36 | Tauren |
| 22:45 | Tauren |
| 23:28 | Big Bad Voodoo |
| Select group | 503 |
| Right click | 315 |
| Chat | 296 |
| Select | 170 |
| Misc. action | 133 |
| Use ability | 126 |
| Assign group | 124 |
| Build/train/purchase | 79 |
| Minimap ping | 17 |
| Resource trade | 6 |
| Item give/drop | 2 |
| Remove unit | 2 |